cohdb
Replays
Latest Replays
All Replays
Popular Replays
Top Player Replays
Match Explorer
How It Works
Community
CoH3 Stats
Reddit
Sign in to upload your games and track your stats! →
Sign in with Steam
Match 42226901
Unlisted
Match 42226901
Overview
Messages
Build Orders
End
Vickers Machine Gun Team
Construct Section Command Post
Selects Indian Artillery Battlegroup
Dingo Light Scout Car
Infantry Section
Infantry Section
ML 3-inch Mortar Team
Construct Platoon Command Post
Construct Platoon Command Post
Selects Valour
Humber Armored Car
Grenade Package
Humber Armored Car
Selects Gurkha Rifles Section
Allure Love
^^
[BIH]Keno
KiwiS
[HAN]Diederick Kastner
宝多六花
宇杰
帝国の突撃隊
0
0
Comments
sign in to comment!
No comments posted yet!